 Dungeon Crawl Stone Soup version 0.24.0-41-g2ae2f7f1be (webtiles) character file.

Game seed: 5720593313255733566, levelgen mode: deterministic

850 H0rd4k the Thaumaturge (level 7, 0/37 HPs)
             Began as a Deep Elf Wizard on Dec 12, 2019.
             Shot with an arrow by a centaur (8 damage)
             ... on level 6 of the Dungeon.
             The game lasted 00:13:07 (5964 turns).

H0rd4k the Thaumaturge (Deep Elf Wizard)            Turns: 5964, Time: 00:13:07

Health: 0/37       AC:  2    Str:  4    XL:     7   Next: 69%
Magic:  0/22       EV: 13    Int: 28    God:
Gold:   113        SH:  0    Dex: 13    Spells: 16/25 levels left

rFire    . . .     SeeInvis .   (no weapon)
rCold    . . .     Gourm    .   (no shield)
rNeg     . . .     Faith    .   a - +0 robe
rPois    +         Spirit   +   b - +0 hat
rElec    .         Reflect  .   (no cloak)
rCorr    .         Harm     .   (no gloves)
MR       .....                  (no boots)
Stlth    ++........             z - amulet of guardian spirit
HPRegen  0.12/turn              C - ring "Nyihuus" {+Fly Int+3}
MPRegen  0.18/turn              y - ring of poison resistance

@: about to teleport
A: no striking features
a: Evoke Flight


You were on level 6 of the Dungeon.
You were near starving.

You visited 1 branch of the dungeon, and saw 6 of its levels.
You also visited: Sewer.

You collected 113 gold pieces.

Inventory:

Missiles
 x - 4 silver javelins (quivered)
Armour
 a - a +0 robe (worn)
 b - a +0 hat (worn)
Jewellery
 y - a ring of poison resistance (right hand)
 z - an amulet of guardian spirit (around neck)
 C - the ring "Nyihuus" (left hand) {+Fly Int+3}
   (You found it on level 5 of the Dungeon)

   [ring of flight]

   It affects your intelligence (+3).
   It lets you fly.
Wands
 w - a wand of polymorph (9)
 B - a wand of paralysis (7)
Scrolls
 e - 2 scrolls of enchant armour {unknown}
 f - 3 scrolls of remove curse
 h - 2 scrolls of teleportation
 k - a scroll of fog
 m - a scroll of fear
 o - a scroll of random uselessness {unknown}
 p - a scroll of amnesia {unknown}
 q - a scroll of magic mapping {unknown}
Potions
 c - 3 potions of brilliance
 i - a potion of degeneration {unknown}
 j - 4 potions of heal wounds
 r - a potion of mutation {unknown}
 s - 4 potions of agility {unknown}
 t - 2 potions of might {unknown}
 u - 5 potions of curing {unknown}
 v - a potion of flight {unknown}
 D - a potion of resistance {unknown}
Comestibles
 d - 8 rations


   Skills:
 + Level 0.7 Fighting
 + Level 3.2 Dodging
 + Level 3.5 Stealth
 + Level 9.6 Spellcasting
 + Level 5.2 Conjurations
   Level 1.1 Summonings
 + Level 1.1 Translocations
 + Level 0.1 Fire Magic
 + Level 0.1 Evocations


You had 16 spell levels left.
You knew the following spells:

 Your Spells              Type           Power        Failure   Level  Hunger
a - Magic Dart            Conj           ####         1%          1    None
b - Blink                 Tloc           N/A          3%          2    None
c - Conjure Flame         Conj/Fire      ####....     4%          3    None
d - Mephitic Cloud        Conj/Pois/Air  ###.....     6%          3    None

Your spell library contained the following spells:

 Spells                   Type           Power        Failure   Level  Hunger
 Call Imp                 Summ           ###.....     4%          2    None
 Slow                     Hex            ##......     6%          2    None


Dungeon Overview and Level Annotations

Branches:
Dungeon (6/15)              Sewer (visited)
 Temple: D:4-7

Altars:
Ashenzari
Elyvilon
Ru
Trog
Wu Jian
Xom
The Shining One

Shops:
D:5 (

Annotations:
D:3 Grinder
D:4 Sigmund


Message History

The centaur shouts!
The jackal bites you but does no damage.
The centaur wields a +0 shortbow.
The centaur shoots an arrow.
The arrow hits you!
The crimson imp throws a stone.
The stone barely misses you.
The stone hits the jackal but does no damage.
The jackal closely misses you.
You see here an arrow.
As you read the scroll of teleportation, it crumbles to dust.
You feel strangely unstable.
The centaur shoots an arrow.
The arrow closely misses you.
The arrow closely misses the jackal.
The jackal closely misses you. The jackal bites you.
* * * LOW HITPOINT WARNING * * *
The centaur shoots an arrow.
The arrow hits you.
* * * LOW HITPOINT WARNING * * *
The jackal closely misses you.
Your magical contamination has completely faded away.
The centaur shoots an arrow.
The arrow closely misses you.
The crimson imp blinks!
The centaur shoots an arrow.
The arrow hits you!
You die...

........≈≈≈≈≈≈≈≈≈ )..#
.......†##≈#≈#≈≈##...###
...%.....# ≈≈≈≈≈#.......
######...##≈≈5#≈#....c..
#.....####......#
##.............5#
###.....h((....#
######h.§....# #@......#
#########


You could see a centaur, a crimson imp and 2 jackals.

Vanquished Creatures
  A water moccasin (D:6)
  A centaur (D:6)
  A bullfrog (D:5)
  3 hounds
  2 orc priests
  3 orc wizards
  2 iguanas
  2 worker ants
  7 adders
  8 river rats
  An ooze (Sewer)
  4 worms
  A leopard gecko (D:4)
  9 orcs
  6 bats
  3 giant cockroaches
  5 goblins
  7 hobgoblins
  10 jackals
  2 quokkas
  7 ball pythons
  6 frilled lizards
  27 kobolds
  A quokka zombie (D:5)
  26 rats
145 creatures vanquished.

Notes
Turn   | Place    | Note
-------+----------+-------------------------------------------
     0 | D:1      | H0rd4k the Deep Elf Wizard began the quest for the Orb.
     0 | D:1      | Reached XP level 1. HP: 10/10 MP: 7/7
   256 | D:1      | Reached skill level 5 in Spellcasting
   256 | D:1      | Reached XP level 2. HP: 10/15 MP: 0/10
   935 | D:1      | Reached XP level 3. HP: 19/19 MP: 8/12
   939 | D:1      | Learned a level 2 spell: Blink
   943 | D:1      | Learned a level 3 spell: Conjure Flame
   947 | D:1      | Learned a level 3 spell: Mephitic Cloud
  1286 | D:2      | Found an ornate altar of the Wu Jian Council.
  1356 | D:2      | Reached skill level 6 in Spellcasting
  1356 | D:2      | Reached XP level 4. HP: 15/24 MP: 7/14
  1751 | D:2      | Found a bloodstained altar of Trog.
  2377 | D:3      | Reached XP level 5. HP: 28/28 MP: 8/16
  2401 | D:2      | Reached skill level 7 in Spellcasting
  2516 | D:3      | Noticed Grinder
  2521 | D:3      | Found a glowing drain.
  2531 | Sewer    | Entered a sewer
  3442 | Sewer    | Reached XP level 6. HP: 33/33 MP: 11/18
  3455 | Sewer    | Reached skill level 8 in Spellcasting
  3989 | D:4      | Found a shattered altar of Ashenzari.
  4030 | D:4      | Found a basalt altar of Yredelemnul.
  4127 | D:4      | Found a white marble altar of Elyvilon.
  4127 | D:4      | Found a glowing golden altar of the Shining One.
  4129 | D:4      | Found a shimmering altar of Xom.
  4129 | D:4      | Found a shattered altar of Ashenzari.
  4129 | D:4      | Found a glowing golden altar of the Shining One.
  4348 | D:4      | Noticed Sigmund
  4702 | D:5      | Entered Level 5 of the Dungeon
  4724 | D:5      | Found Oppompem's Weapon Emporium.
  4868 | D:5      | Got a slimy amber ring
  4869 | D:5      | Identified the ring "Nyihuus" {+Fly Int+3} (You found it on
                  | level 5 of the Dungeon)
  4898 | D:5      | Reached XP level 7. HP: 37/37 MP: 1/21
  5028 | D:5      | Reached skill level 9 in Spellcasting
  5717 | D:6      | Reached skill level 5 in Conjurations
  5937 | D:6      | Found a sacrificial altar of Ru.
  5964 | D:6      | Shot with an arrow by a centaur

Levels and vault maps discovered:
D:1:      scummos_arrival_simple_fountains, layout_basic
D:2:      layout_basic, nicolae_overflow_hidden_temple, trog_book
D:3:      layout_loops_ring, nicolae_qazlal_style_of_elements,
          lemuel_round_altar, first_ration, portal_sewer_entry_a,
          hangedman_decor_growths, uniq_grinder
D:4:      layout_basic, evilmike_ruin_ashenzari, doesnt_xom_only_xom,
          uniq_sigmund
D:5:      layout_loops_cross, kennysheep_small_circle
D:6:      layout_basic, nicolae_ru_the_path_less_chosen,
          minmay_temple_entry_fiery, minivault_4, item_on_display_a, uniq_pikel,
          uniq_menkaure, uniq_crazy_yiuf_cottage

Skill      XL: |  1  2  3  4  5  6  7 |
---------------+----------------------+-----
Spellcasting   | 5 6 7 8 9 |  9.6
Dodging        | 3 |  3.2
Conjurations   | 2 4 5 |  5.2
Stealth        | 3 |  3.5
Fighting       | |  0.7
Summonings     | |  1.1
Translocations | |  1.1
Fire Magic     | |  0.1
Evocations     | |  0.1

Action                   |  1- 3 |  4- 6 |  7- 9 || total
-------------------------+-------+-------+-------++-------
Melee: Unarmed           |       |     1 |       ||     1
 Cast: Magic Dart        |    94 |   254 |    73 ||   421
       Conjure Flame     |       |     5 |     1 ||     6
       Mephitic Cloud    |       |     3 |     1 ||     4
       Blink             |       |     3 |     2 ||     5
Evoke: Wand              |       |       |     3 ||     3
  Use: Potion            |       |     2 |       ||     2
       Scroll            |       |       |     9 ||     9
  Eat: Chunk             |     1 |     7 |     2 ||    10
       Ration            |       |     1 |       ||     1
Armor: Robe              |     2 |     7 |     2 ||    11
Dodge: Dodged            |    25 |    52 |    17 ||    94
